 Dungeon Crawl Stone Soup version 0.31-a0-1074-g0b22e4e0f1 (webtiles) character file.

Game seed: 2825649844104351806

65 croobank the Ruffian (level 3, -1/43 HPs)
             Began as a Draconian Shapeshifter on Dec 3, 2023.
             Slain by a gnoll
             ... wielding a +0 spear
              (6 damage)
             ... on level 2 of the Dungeon.
             The game lasted 00:03:25 (792 turns).

croobank the Ruffian (Draconian Shapeshifter)        Turns: 792, Time: 00:03:26

Health: -1/43      AC: 21    Str: 16    XL:     3   Next: 92%
Magic:  3/3        EV:  2    Int: 12    God:
Gold:   29         SH:  0    Dex: 10    Spells: 2/2 levels left

rFire   . . .        m - +0 war axe
rCold   . . .        (no shield)
rNeg    . . .        (body armour unavailable)
rPois   +            (helmet currently unavailable)
rElec   .            (cloak currently unavailable)
rCorr   .            (gloves currently unavailable)
SInv    .            (boots currently unavailable)
Will    .....        (no amulet)
Stlth   +            (no ring)
HPRegen 0.27/turn    (no ring)
MPRegen 0.08/turn

%: no passive effects
@: lethally poisoned (-1 -> -8), tree-form, weak-willed, enlightened, hasted,
very quick
A: stationary, stasis, torment immunity, boosted hp, AC +5, unfitting armour,
(cold-blooded)
a: no special abilities


You were on level 2 of the Dungeon.
You were a tree.
You visited 1 branch of the dungeon, and saw 2 of its levels.

You collected 29 gold pieces.

Inventory:

Hand Weapons
 h - a +1 dagger of venom
 m - a +0 war axe (weapon)
Jewellery
 e - a ring of ice
Talismans
 b - a beast talisman
 c - a flux talisman
Scrolls
 d - a scroll of amnesia
 l - a scroll of poison
Potions
 f - a potion of magic


   Skills:
 + Level 2.2 Fighting
 + Level 2.4 Dodging
 + Level 3.5 Unarmed Combat
 + Level 3.4 Shapeshifting


You had 2 spell levels left.
You didn't know any spells.
Your spell library was empty.

Dungeon Overview and Level Annotations

Branches:
Dungeon (2/15)

Altars:

Annotations:
D:2 Sigmund


Innate Abilities, Weirdness & Mutations

You are a tree.
Your roots penetrate the ground, keeping you stationary.
You cannot be teleported.
You are immune to unholy pain and torment.
Your maximum health is greatly increased.
Your equipment is partially melded.
((Your plain brown scales are hard. (AC +5)))
You cannot fit into any form of body armour.
((You are cold-blooded and may be slowed by cold attacks.))


Message History

You feel sick.
You kill the goblin!
The gnoll hits you but does no damage. x3
The goblin hits you but does no damage.
You are more poisoned.
As you read the scroll labelled SIOSMEHESI, it crumbles to dust.
You feel a strange sense of stasis.
It was a scroll of teleportation.
You feel sick. The goblin hits you but does no damage.
The quokka bites you but does no damage.
The gnoll hits you but does no damage.
The gnoll hits you from afar with a +0 spear.
It was a potion of enlightenment.
Your roots keep you in place.
You feel very sick. The goblin hits you but does no damage.
The gnoll hits you but does no damage. The goblin hits you with a +0 dagger.
The quokka bites you but does no damage.
You hit the goblin.
The goblin is poisoned.
The goblin is severely wounded.
* * * LOW HITPOINT WARNING * * *
You feel sick.
You kill the goblin!
You kill the gnoll!
The gnoll hits you but does no damage. x2
Hit: h) +1 dagger (venom)
Press: ? - help, Dir - move target, f - goblin
Aim: a goblin, wielding a +0 dagger (weak-willed, about 44% to evade your +1 dagger of venom)
Okay, then.
Your +1 dagger of venom stops dripping with poison.
m - a +0 war axe (weapon)
* * * LOW HITPOINT WARNING * * *
You feel sick. The goblin hits you but does no damage. The quokka bites you.
* * * LOW HITPOINT WARNING * * *
You hit the goblin.
You kill the goblin!
You completely miss the goblin. You closely miss the goblin.
You hit the quokka.
* * * LOW HITPOINT WARNING * * *
You feel sick.
The goblin hits you but does no damage. x2
The gnoll hits you but does no damage.
The gnoll hits you from afar with a +0 spear.
You die...

..g.. ###gg.# #.#
#.#...#. #.#
#.g...#.# ..#
######.###.#...#g#
.......g..r.......
######.#######.#.#
.#####.# ##.#)#
.....#.# #ggg♣#
.##.##.# #.ggr#
....##g# #.ggg#
..####.######..gg#
.......g.g.....#.#
.#......######..)#
†#.......ggg.....#
.#......######...#
.#......# #...#


You could see 3 gnolls, a quokka (weak-willed), a hobgoblin (weak-willed) and 7
goblins.

Vanquished Creatures
  Robin (D:2)
  A gnoll (D:2)
  2 adders (D:2)
  3 bats
  2 endoplasms (D:1)
  A giant cockroach (D:2)
  8 goblins
  2 hobgoblins (D:2)
  A ball python (D:1)
  A frilled lizard (D:1)
  2 kobolds
  2 rats (D:1)
26 creatures vanquished.

Notes
Turn   | Place    | Note
-------+----------+-------------------------------------------
     0 | D:1      | croobank the Draconian Shapeshifter began the quest for the
                  | Orb.
     0 | D:1      | Reached XP level 1. HP: 16/16 MP: 1/1
   181 | D:1      | Reached XP level 2. HP: 23/23 MP: 2/2
   685 | D:2      | Reached XP level 3. HP: 28/29 MP: 3/3
   734 | D:2      | Noticed Robin
   735 | D:2      | Noticed Sigmund
   776 | D:2      | Killed Robin
   792 | D:2      | Slain by a gnoll

Illustrated notes

Levels and vault maps discovered:
D:1:      eino_arrival_cavern_b, layout_rooms, minmay_hedge_maze
D:2:      layout_basic, basic_altar, minmay_split_cup_large, uniq_sigmund,
          uniq_robin

Skill      XL: |  1  2  3 |
---------------+----------+-----
Dodging        | 2 |  2.4
Fighting       | 2 |  2.2
Unarmed Combat | |  3.5
Shapeshifting  | |  3.4

Action                     || total
---------------------------++-------
  Melee: Unarmed           ||    13
         Dagger            ||    48
         Tailslap          ||     2
         Punch             ||     1
         War axe           ||     1
    Use: Scroll            ||     5
         Potion            ||     4
   Stab: Sleeping          ||     2
 Armour: Skin              ||   133
  Dodge: Dodged            ||    35

Table legend: (Time is in decaauts)
 A = Elapsed time spent in this place.
 B = Non-inter-level travel time spent in this place.
 C = Inter-level travel time spent in this place.
 D = Time resting spent in this place.
 E = Time spent auto-exploring this place.
 F = Levels seen in this place.
 G = Mean time per level.
                   A        B        C        D        E       F      G
               +--------+--------+--------+--------+--------+-----+--------+
         Total |    788 |    764 |     24 |      0 |    573 |   2 |  394.0 |
       Dungeon |    788 |    764 |     24 |      0 |    573 |   2 |  394.0 |
               +--------+--------+--------+--------+--------+-----+--------+

Top non-repeatable levels by time:
     D:1: 550 daAuts
     D:2: 238 daAuts
